 Dungeon Crawl Stone Soup version 0.26-a0-639-g72c4674329 (webtiles) character file.

Game seed: 14159160956731997262

9 MrRokkomies the Sneak (level 1, -1/18 HPs)
             Began as a Demigod Delver on Sept 16, 2020.
             Killed from afar by an orc wizard (5 damage)
             ... with a magic dart
             ... on level 4 of the Dungeon.
             The game lasted 00:00:39 (101 turns).

MrRokkomies the Sneak (Demigod Delver)               Turns: 101, Time: 00:00:40

Health: -1/18      AC:  3    Str: 15    XL:     1   Next: 86%
Magic:  3/3        EV: 12    Int: 14    God:
Gold:   9          SH:  0    Dex: 17    Spells: 0/0 levels left

rFire    . . .     SeeInvis .   a - +0 falchion
rCold    . . .     Faith    .   (no shield)
rNeg     . . .     Spirit   .   b - +0 leather armour
rPois    .         Reflect  .   (no helmet)
rElec    .         Harm     .   (no cloak)
rCorr    .         Rampage  .   (no gloves)
MR       .....                  (no boots)
Stlth    +++.......             (no amulet)
HPRegen  0.06/turn              (no ring)
MPRegen  0.08/turn              (no ring)

@: no status effects
A: high mp 1
a: no special abilities


You were on level 4 of the Dungeon.
You visited 1 branch of the dungeon, and saw 2 of its levels.

You collected 9 gold pieces.

Inventory:

Hand Weapons
 a - a +0 falchion (weapon)
Missiles
 h - 21 poisoned darts (quivered)
Armour
 b - a +0 leather armour (worn)
Wands
 g - a wand of digging (3)
Scrolls
 c - a scroll of fog
 d - a scroll of magic mapping
Potions
 f - a potion of haste


   Skills:
 + Level 2.8 Fighting
 + Level 1.8 Long Blades
 + Level 1.8 Dodging
 + Level 4.8 Stealth


You couldn't memorise any spells.
You didn't know any spells.
Your spell library was empty.

Dungeon Overview and Level Annotations

Branches:
Dungeon (5/15)
 Temple: D:4-7

Annotations:
D:4 Eustachio


Innate Abilities, Weirdness & Mutations

You have an increased reservoir of magic. (+10% MP)


Message History

The adder closely misses you.
You riposte.
You barely miss the adder. The adder completely misses you.
The adder closely misses you.
You riposte.
You slash the adder!
The adder is heavily wounded.
The adder barely misses you.
You riposte.
You closely miss the adder.
The adder is heavily wounded.
The adder barely misses you. The adder misses you.
An orc wizard comes into view. It is wielding a +0 dagger.
The orc wizard shouts!
The orc wizard gestures wildly while chanting.
The orc wizard blinks!
An orc comes into view.
An orc comes into view. It is wielding a +0 flail.
You closely miss the orc wizard. The adder misses you.
An orc priest comes into view. It is wielding a +0 trident.
The adder bites you but does no damage.
The orc wizard points at you and mumbles some strange words.
The magic dart hits you.
You die...

#.....#...#.
..##.##..# o# .##
.O# .. .o .## ...#
.. #o ..##.....?.#
#.##
#...#.......###..#
....≈............#
$##....§........o#
......§§≈§≈.....@#
..#...≈≈§≈≈≈§.§.S#
.......§§§§≈≈§§§§#
##.....≈§§_§§§§§§#
#....§§≈⌠.≈≈≈≈≈.#
#...§≈§≈§§≈≈≈...#
#...§≈§≈§§§≈≈..##
#....≈§≈.≈..≈..#
#..§.....≈.....#


You could see an orc priest (wandering), an orc wizard, an adder and 2 orcs.

Vanquished Creatures
  An adder (D:4)
1 creature vanquished.

Notes
Turn   | Place    | Note
-------+----------+-------------------------------------------
     0 | D:5      | MrRokkomies the Demigod Delver began the quest for the Orb.
     0 | D:5      | Reached XP level 1. HP: 18/18 MP: 3/3
     6 | D:5      | Noticed an ogre
    18 | D:4      | Noticed Eustachio
    26 | D:4      | Noticed an orc wizard
    34 | D:4      | Noticed an ogre
    41 | D:4      | Noticed a worker ant
    45 | D:4      | Noticed an ogre
    59 | D:4      | Noticed a worker ant
    80 | D:4      | Found a stormy altar of Qazlal.
    99 | D:4      | Noticed an orc wizard
   101 | D:4      | Noticed an orc priest
   101 | D:4      | Killed from afar by an orc wizard

Illustrated notes

Levels and vault maps discovered:
D:4:      layout_cave_pools, minmay_temple_entry_proselytizer,
          nicolae_qazlal_general_emergency, uniq_eustachio
D:5:      layout_rooms, tgw_trog, uniq_duvessa, uniq_pikel, uniq_edmund,
          uniq_crazy_yiuf_cottage

Action                   || total
-------------------------++-------
Melee: Falchion          ||     6
  Use: Scroll            ||     1
Armor: Leather armour    ||     1
Dodge: Dodged            ||    14
       Rpst.: Falchion   ||     5

Table legend: (Time is in decaauts)
 A = Elapsed time spent in this place.
 B = Non-inter-level travel time spent in this place.
 C = Inter-level travel time spent in this place.
 D = Time resting spent in this place.
 E = Time spent auto-exploring this place.
 F = Levels seen in this place.
 G = Mean time per level.
                   A        B        C        D        E       F      G
               +--------+--------+--------+--------+--------+-----+--------+
         Total |    101 |    101 |      0 |      0 |      7 |   2 |   50.5 |
       Dungeon |    101 |    101 |      0 |      0 |      7 |   2 |   50.5 |
               +--------+--------+--------+--------+--------+-----+--------+

Top non-repeatable levels by time:
     D:4: 85 daAuts
     D:5: 16 daAuts
